 Dungeon Crawl Stone Soup version 0.29-a0-816-g82769f0e0c (webtiles) character file.

Game seed: 6869834280364880319

212861 Bnni the Unseen (level 18, 0/121 (149) HPs)
             Began as a Demonspawn Gladiator on July 4, 2022.
             Was the Champion of Dithmenos.
             Slain by a deep elf elementalist
             ... wielding a +1 battleaxe of flaming
              (2 damage)
             ... on level 3 of the Elven Halls on July 5, 2022.
             The game lasted 02:38:57 (36158 turns).

Bnni the Unseen (Demonspawn Gladiator)             Turns: 36158, Time: 02:38:58

HP:   0/121 (149)   AC:  9    Str: 21    XL:     18   Next: 25%
MP:   20/27         EV: 24    Int: 10    God:    Dithmenos [******]
Gold: 1862          SH:  0    Dex: 24    Spells: 15/27 levels left

rFire   . . .      SeeInvis +   l - +4 quick blade (chaos)
rCold   + . .      Faith    .   (no shield)
rNeg    + + +      Spirit   .   k - +2 leather armour {rC+}
rPois   ∞          Reflect  .   (helmet unavailable)
rElec   .          Harm     .   (cloak unavailable)
rCorr   .          Rampage  .   (gloves unavailable)
Will    ∞                       C - +2 pair of boots {Stlth+} Stlth #######***
                                z - amulet of regeneration
HPRegen 1.10/turn               Q - +4 ring of evasion
MPRegen 0.20/turn               W - +6 ring of dexterity

@: about to teleport, shadow-form, slowed, wreathed by umbra, studying Ice
Magic, heavily drained, invisible, very slow
A: shadow resist, half damage, bleed smoke, invisible, antennae 3, demonic
guardian 2, spiny 1, weakness stinger 3, demonic touch 3, shaggy fur 1, strong 1
}: 1/15 runes: abyssal
a: End Transformation, Renounce Religion, Shadow Step, Shadow Form


You were on level 3 of the Elven Halls.
You worshipped Dithmenos.
Dithmenos was exalted by your worship.
You were a swirling mass of dark shadows.
You visited 6 branches of the dungeon, and saw 28 of its levels.
You visited the Abyss 3 times.
You also visited: Ice Cave.

You collected 2549 gold pieces.
You spent 687 gold pieces at shops.

Inventory:

Hand Weapons
 l - a +4 quick blade of chaos (weapon)
 q - a +3 antimagic scimitar
 w - the +7 dagger of Ash {freeze, rElec rC+ Str+3}
   (You found it on level 2 of the Lair of Beasts)

   It freezes those it strikes, dealing additional cold damage.
   It can also slow down cold-blooded creatures.
   Str:       It affects your strength (+3).
   rC:        It protects you from cold.
   rElec:     It insulates you from electricity.
 B - a +1 demon blade of draining
 D - a +3 rapier
Missiles
 e - 18 javelins (quivered)
 g - 45 poisoned darts
 I - 5 atropa-tipped darts
 P - a curare-tipped dart
Armour
 k - a +2 leather armour of cold resistance (worn)
 C - a +2 pair of boots of stealth (worn)
 F - an orb of mayhem
 X - a +2 buckler of resistance
Jewellery
 o - a ring of poison resistance
 r - the ring of the Mage {Wiz Archmagi}
   (You took it off a deep elf annihilator on level 3 of the Elven Halls)

   [ring of wizardry]

   It improves your spell success rate.
   Archmagi:  It increases the power of your magical spells.
 y - an amulet of reflection
 z - an amulet of regeneration (around neck)
 G - a ring of protection from fire
 Q - a +4 ring of evasion (left hand)
 T - a ring of positive energy
 W - a +6 ring of dexterity (right hand)
 Z - a ring of ice
Wands
 a - a wand of polymorph (7)
 b - a wand of iceblast (26)
 h - a wand of charming (45)
 s - a wand of digging (13)
 N - a wand of acid (17)
 O - a wand of mindburst (1)
 Y - a wand of flame (16)
Scrolls
 d - 2 scrolls of silence
 f - 11 scrolls of teleportation
 i - 3 scrolls of fear
 j - 3 scrolls of vulnerability
 n - 2 scrolls of fog
 u - 2 scrolls of blinking
 v - 3 scrolls of summoning
 E - 4 scrolls of enchant armour
 H - 5 scrolls of amnesia
 R - 6 scrolls of magic mapping
Potions
 c - 4 potions of flight
 p - 3 potions of brilliance
 t - 3 potions of haste
 J - a potion of heal wounds
 K - 7 potions of mutation
 L - 2 potions of magic
 S - 2 potions of attraction
 U - a potion of cancellation
 V - a potion of invisibility
Miscellaneous
 m - a lightning rod (4/4)
 A - a phantom mirror


   Skills:
 + Level 15.5 Fighting
 + Level 16.1 Long Blades
 + Level 7.4 Throwing
 - Level 10.0 Dodging
 * Level 17.1 Stealth
 - Level 5.0 Spellcasting
 - Level 7.0 Hexes
 - Level 5.0 Translocations
 - Level 12.0 Invocations


You had 15 spell levels left.
You knew the following spells:

 Your Spells              Type           Power      Damage    Failure   Level
a - Confusing Touch       Hex            4%         N/A       4%          3
b - Blink                 Tloc           6%         N/A       4%          2
c - Tukima's Dance        Hex            4%         N/A       4%          3
d - Portal Projectile     Hex/Tloc       6%         N/A       7%          3
s - Slow                  Hex            16%        N/A       1%          1

Your spell library contained the following spells:

 Spells                   Type           Power      Damage    Failure   Level
 Gell's Gravitas          Tloc           3%         N/A       10%         3
 Lesser Beckoning         Tloc           3%         N/A       10%         3
 Teleport Other           Tloc           3%         N/A       10%         3
 Cause Fear               Hex            2%         N/A       14%         4
 Inner Flame              Hex/Fire       2%         N/A       19%         3
 Foxfire                  Conj/Fire      0%         2x1d4     26%         1
 Shock                    Conj/Air       0%         1d3       26%         1
 Sting                    Tmut/Pois      0%         1d3       26%         1
 Passage of Golubria      Tloc           3%         N/A       32%         4
 Scorch                   Fire           0%         2d5       36%         2
 Searing Ray              Conj           0%         2d4       36%         2
 Anguish                  Hex/Necr       1%         N/A       52%         4
 Conjure Flame            Conj/Fire      0%         6-21      61%         3
 Mephitic Cloud           Conj/Pois/Air  0%         N/A       61%         3
 Ozocubu's Armour         Ice            0%         N/A       61%         3
 Swiftness                Air            0%         N/A       61%         3
 Vampiric Draining        Necr           0%         2d6       61%         3
 Manifold Assault         Tloc           3%         N/A       67%         5
 Metabolic Englaciation   Hex/Ice        1%         N/A       86%         5
 Summon Mana Viper        Hex/Summ       2%         N/A       86%         5
 Yara's Violent Unravell  Hex/Tmut       1%         3d3       86%         5
 Airstrike                Air            0%         0-1+      95%         4
 Animate Dead             Necr           0%         N/A       95%         4
 Flame Wave               Conj/Fire      0%         2d4       95%         4
 Hailstorm                Conj/Ice       0%         3d3       95%         4
 Olgreb's Toxic Radiance  Pois           0%         N/A       95%         4
 Sticky Flame             Conj/Fire      0%         2d3       95%         4
 Summon Ice Beast         Ice/Summ       0%         N/A       95%         4
 Dispersal                Tloc           1%         N/A       99%         6
 Blade Hands              Tmut           0%         N/A       100%        5
 Freezing Cloud           Conj/Ice/Air   0%         6-21      100%        5
 Iskenderun's Battlesphe  Conj           0%         2d6       100%        5
 Iron Shot                Conj/Erth      0%         9d1       100%        6
 Simulacrum               Ice/Necr       0%         N/A       100%        6
 Summon Cactus Giant      Summ           0%         N/A       100%        6
 Dragon Form              Tmut           0%         N/A       100%        7
 Enfeeble                 Hex            2%         N/A       100%        7
 Haunt                    Necr/Summ      0%         N/A       100%        7
 Monstrous Menagerie      Summ           0%         N/A       100%        7
 Ozocubu's Refrigeration  Ice            0%         4d5       100%        7
 Spellforged Servitor     Conj/Summ      0%         N/A       100%        7
 Ignition                 Fire           0%         3d3       100%        8
 Infestation              Necr           0%         N/A       100%        8
 Dragon's Call            Summ           0%         N/A       100%        9
 Polar Vortex             Ice            0%         N/A       100%        9


Dungeon Overview and Level Annotations

Branches:
Dungeon (15/15)            Temple (1/1) D:4            Lair (6/6) D:10
  Swamp (0/4) Lair:3       Spider (0/4) Lair:2        Slime (0/5) Lair:6
    Orc (2/2) D:9             Elf (3/3) Orc:2        Vaults (0/5) D:13
 Depths (1/4) D:15          IceCv (visited)

Altars:
Ashenzari
Cheibriados
Dithmenos
Fedhas
Gozag
Hepliaklqana
Kikubaaqudgha
Makhleb
Nemelex Xobeh
Okawaru
Qazlal
Ru
Sif Muna
Trog
Uskayaw
Vehumet
Wu Jian
Xom
Yredelemnul
Jiyva

Shops:
D:10 [   Orc:2 (:[*   Elf:3 ?

Portals:
Hell: Depths:1

Annotations:
D:12 1 transporter, mn3067's ghost, journeyman DjCj


Innate Abilities, Weirdness & Mutations

You are a swirling mass of dark shadows.
You are immune to unholy torment and to willpower attacks.
Damage taken is halved, but you are drained when taking damage.
Your attacks are insubstantial and do half damage.
You bleed smoke when taking damage.
You are invisible.
You are immune to poison.
Your spellcasting is less reliable in this form.
You have a pair of large antennae on your head. (SInv)
A demonic guardian rushes to your aid.
You are partially covered in sharp spines.
You have a sharp stinger which inflicts weakening toxins.
Your touch may irresistibly damage your foes and sap their willpower.
You are covered in fur. (AC +1)
Your muscles are strong. (Str +4, Int/Dex -1)


Message History

You hit the deep elf demonologist. You burn the deep elf demonologist.
You kill the deep elf demonologist!
Dithmenos accepts your kill.
The lorocyproca disappears in a puff of smoke!
The deep elf master archer shoots an arrow.
The arrow barely misses you.
The deep elf master archer shoots an arrow.
The arrow hits you!!
* * * LOW HITPOINT WARNING * * *
You emit a cloud of dark smoke.
You feel drained.
The raiju bursts into living lightning!
The living lightning hits you!
* * * LOW HITPOINT WARNING * * *
You emit a cloud of dark smoke.
You feel drained.
The raiju blinks!
A deep elf elementalist comes into view.
It is wielding a +1 battleaxe of flaming and wearing a +2 leather armour of fire resistance.
The deep elf master archer shoots an arrow.
The arrow closely misses you.
The deep elf master archer shoots an arrow.
The arrow misses you.
The deep elf elementalist gestures wildly while chanting.
The deep elf elementalist seems to speed up.
Items here: )) [ †.
As you read the scroll of teleportation, it crumbles to dust.
You feel strangely unstable.
The deep elf master archer shoots an arrow.
The arrow hits you!!
* * * LOW HITPOINT WARNING * * *
A demonic guardian appears!
You emit a cloud of dark smoke.
You feel drained.
The deep elf master archer shoots an arrow.
The arrow hits you!!
* * * LOW HITPOINT WARNING * * *
You emit a cloud of dark smoke.
You feel drained.
The deep elf master archer shoots an arrow.
The arrow barely misses you.
The arrow closely misses the raiju.
The deep elf elementalist is struck by your spines.
The deep elf elementalist hits you with a +1 battleaxe of flaming!
* * * LOW HITPOINT WARNING * * *
You emit a cloud of dark smoke.
You feel drained. The deep elf elementalist burns you.
You die...

#....#####....#,⌠,,,,,**,,,,*#.
#...####.....##...,,,,,**,,,*#.
##...##.......#...#***,,,*,,,*#.
#..).#.......##..#* **,{**,,,#.
#..).......###...# *,,,*,,,#.
#.).....####§§...# *{,,*{,,#.
#...#####...§§§§§## *#..,*,,,#.
#.).#......§§§he§§####..⌠,+,,{#.
#.).#.......§§§W§........,#####.
#...#......####3e.§....####.....
#.).##....## ##§§§..###......#.
#....#..).# #§§..##........#.
#.#..#....# #....#.....#...#.
#....##)..## ##...##....###..#.
#.##..#....####..[.#....##....#.
#..#..#............#..[)##....#.
##.##.............##...#.#...##.


You could see a deep elf master archer (unable to see you, ally target), a deep
elf elementalist (fast, repels missiles), a raiju and a friendly smoke demon
(summoned, wandering).

Vanquished Creatures
  Asterion (Elf:3)
  4 tentacled starspawn
  Kirke (D:14)
  Agnes (Elf:1)
  3 deep elf sorcerers
  2 frost giants (IceCv)
  An orc warlord (Orc:2)
  A balrug (Abyss:2)
  4 deep elf elementalists
  A very ugly thing (D:15)
  A war gargoyle (Abyss:3)
  A green draconian (Abyss:3)
  5 deep elf demonologists (Elf:3)
  5 deep elf annihilators
  Snorg (Lair:6)
  A white draconian (IceCv)
  3 deep elf death magi (Elf:3)
  A blizzard demon (Abyss:2)
  An ettin (D:15)
  A great orb of eyes (D:15)
  5 boulder beetles
  5 deep elf high priests
  4 rakshasas
  14 hydras
  4 vault guards (D:12)
  An ice dragon (IceCv)
  5 ironbound frosthearts (IceCv)
  2 ogre magi
  5 catoblepae
  Erica (Lair:2)
  5 centaur warriors
  12 two-headed ogres
  18 dancing weapons
  3 orc high priests (Orc:2)
  A deep troll shaman (Depths:1)
  2 tengu warriors
  11 death yaks
  Urug (Orc:2)
  A thrashing horror (Abyss:3)
  12 deep elf knights
  3 wretched stars (Abyss:3)
  Amaemon (Lair:2)
  2 glowing orange brains
  A death drake (Abyss:3)
  3 deep trolls
  2 bog bodies (Lair:3)
  An orange crystal statue (IceCv)
  24 deep elf pyromancers
  6 deep elf archers
  2 orc knights (Orc:2)
  4 manticores
  20 ugly things
  20 deep elf zephyrmancers
  4 orc sorcerers
  A worldbinder (Abyss:3)
  7 cyclopes
  14 elephants
  7 black mambas
  An eye of devastation (shapeshifter) (D:15)
  A torpor snail (Lair:6)
  2 apocalypse crabs (Abyss:3)
  A centaur skeleton (Abyss:2)
  A gargoyle (D:12)
  2 smoke demons (Abyss:2)
  3 yaktaurs (D:15)
  3 orange demons
  An efreet (D:13)
  A hellwing (Abyss:2)
  7 komodo dragons
  A kobold demonologist (D:12)
  13 rime drakes
  9 cane toads
  2 anaconda simulacra (D:15)
  9 catoblepas skeletons (Abyss:3)
  2 entropy weaver simulacra (D:15)
  A tengu conjurer (D:14)
  2 unseen horrors
  4 ancient zymes
  3 meliai (D:14)
  An ice devil (Abyss:3)
  7 trolls
  21 polar bears
  20 blink frogs
  A hornet (D:9)
  5 raiju
  15 slime creatures
  7 flying skulls (Abyss:2)
  2 shadows
  3 centaur simulacra
  8 starcursed masses
  2 ynoxinuls
  Sigmund (D:6)
  9 basilisks
  4 water elementals
  36 yaks
  A fire bat (Abyss:2)
  A hog (D:14)
  2 wraiths
  5 wyverns
  3 fire elementals
  A golden eye (Abyss:3)
  3 redbacks (Lair:2)
  2 chaos spawn (Abyss:3)
  8 vampire mosquitoes
  6 neqoxecs
  A steam dragon (D:7)
  Menkaure (D:5)
  Edmund (D:6)
  7 large abominations
  An acid dragon (D:9)
  A harpy simulacrum (D:15)
  4 hell hounds (Abyss:3)
  16 water moccasins
  25 orc warriors
  4 ice beasts
  A black bear (shapeshifter) (Elf:1)
  3 black bears
  2 sky beasts (D:7)
  6 ogres
  5 wolves (Lair:1)
  14 centaurs
  A phantom (D:6)
  Blork the orc (D:5)
  5 kobold brigands
  20 bullfrogs
  A necrophage (D:7)
  2 gnoll sergeants (D:13)
  7 scorpions
  10 small abominations
  11 earth elementals
  2 lindwurm simulacra (D:15)
  14 killer bees
  An electric eel (Lair:2)
  4 howler monkeys
  26 orc priests
  Crazy Yiuf (D:5)
  18 jellies
  3 gnoll boudas
  A hound (D:6)
  3 iron imps (Abyss:2)
  2 iguanas (D:6)
  25 orc wizards
  5 hell rats (Lair:5)
  7 adders
  23 gnolls
  2 shadow imps (D:7)
  3 white imps
  3 ufetubi
  2 dart slugs
  71 orcs
  4 ball pythons
  3 bats
  8 endoplasms
  12 goblins
  8 hobgoblins
  4 jackals (D:1)
  26 kobolds
  3 quokkas
  4 frilled lizards
  8 rats
962 creatures vanquished.

Vanquished Creatures (collateral kills)
  Gastronok (Lair:2)
  2 death knights
  A dancing weapon (Elf:1)
  3 deep elf pyromancers
  An orc knight (Orc:2)
  4 deep elf zephyrmancers
  An orc sorcerer (Orc:2)
  An ugly thing (D:15)
  A cyclops (D:15)
  3 raiju
  A ynoxinul (Abyss:3)
  A chaos spawn (Abyss:3)
  A harpy simulacrum (D:15)
  2 orc priests
  2 orcs
25 creatures vanquished.

Vanquished Creatures (others)
  A deep elf knight (Elf:1)
  A manticore (Lair:6)
  An unseen horror (D:12)
  3 golden eyes (Abyss:3)
  An acid dragon (D:13)
  An orc wizard (Orc:2)
  An adder (D:6)
  3 orcs
  71 fungi
  68 plants
  6 starspawn tentacles
157 creatures vanquished.

Grand Total: 1144 creatures vanquished

Notes
Turn   | Place    | Note
-------+----------+-------------------------------------------
     0 | D:1      | Bnni the Demonspawn Gladiator began the quest for the Orb.
     0 | D:1      | Reached XP level 1. HP: 16/16 MP: 1/1
   192 | D:1      | Discovered your monstrous ancestry.
   192 | D:1      | Gained mutation: Your touch may inflict minor irresistible
                  | damage on your foes. [demonic ancestry]
   192 | D:1      | Reached XP level 2. HP: 21/22 MP: 2/2
   798 | D:2      | Gained mutation: You have a small tail. [demonic ancestry]
   798 | D:2      | Reached XP level 3. HP: 28/28 MP: 3/3
  1138 | D:2      | Gained mutation: You have a tail ending in a sharp stinger.
                  | [demonic ancestry]
  1138 | D:2      | Reached XP level 4. HP: 31/34 MP: 4/4
  2529 | D:4      | Noticed a scorpion
  2535 | D:4      | Gained mutation: Your touch may inflict irresistible damage
                  | on your foes. [demonic ancestry]
  2535 | D:4      | Reached XP level 5. HP: 38/41 MP: 5/5
  2569 | D:4      | Reached skill level 5 in Long Blades
  2741 | D:4      | Noticed an ogre
  2750 | D:4      | Killed an ogre
  2751 | D:4      | Gained mutation: You are partially covered in sharp spines.
                  | [demonic ancestry]
  2751 | D:4      | Reached XP level 6. HP: 48/48 MP: 6/6
  3134 | D:4      | Found a staircase to the Ecumenical Temple.
  3168 | Temple   | Entered the Ecumenical Temple
  3210 | Temple   | Became a worshipper of Dithmenos the Shadowed
  3674 | D:5      | Entered Level 5 of the Dungeon
  3716 | D:5      | Noticed Menkaure
  3727 | D:5      | Killed Menkaure
  3728 | D:5      | Reached XP level 7. HP: 50/55 MP: 7/7
  3866 | D:5      | Reached skill level 5 in Fighting
  4102 | D:5      | Reached * piety under Dithmenos
  4151 | D:5      | Noticed Blork the orc
  4159 | D:5      | Killed Blork the orc
  4503 | D:5      | Found a runed translucent door.
  4504 | D:5      | Noticed Crazy Yiuf
  4511 | D:5      | Killed Crazy Yiuf
  4595 | D:6      | Found a shimmering altar of Xom.
  4603 | D:6      | Gained mutation: A weak demonic guardian rushes to your
                  | aid. [demonic ancestry]
  4603 | D:6      | Reached XP level 8. HP: 58/63 MP: 8/8
  4830 | D:6      | Noticed a troll
  4837 | D:6      | Killed a troll
  4962 | D:6      | Noticed Sigmund
  4982 | D:6      | Killed Sigmund
  5189 | D:6      | Found a broken altar of Ashenzari.
  5327 | D:6      | Gained mutation: You have a pair of small antennae on your
                  | head. [demonic ancestry]
  5327 | D:6      | Reached XP level 9. HP: 36/72 MP: 9/9
  5600 | D:6      | Found a radiant altar of Vehumet.
  5993 | D:6      | Noticed Edmund
  6012 | D:6      | Killed Edmund
  6012 | D:6      | Reached ** piety under Dithmenos
  6437 | D:7      | Found an ornate altar of the Wu Jian Council.
  6530 | D:7      | Reached skill level 10 in Long Blades
  6871 | D:7      | Got Vehumet's Octavo of the Impact
  6955 | D:7      | Learned a level 2 spell: Blink
  6995 | D:7      | Got the Catalogue of the Stinger and Arcane Weapons
  7451 | D:7      | Reached *** piety under Dithmenos
  7596 | D:7      | Reached XP level 10. HP: 71/82 MP: 10/10
  8829 | D:8      | Reached skill level 1 in Stealth
  8933 | D:8      | Found a blossoming altar of Fedhas.
  9211 | D:9      | Reached **** piety under Dithmenos
  9516 | D:9      | Reached skill level 2 in Stealth
 10896 | D:9      | Reached skill level 3 in Stealth
 11193 | D:9      | Found a staircase to the Orcish Mines.
 11254 | D:10     | Entered Level 10 of the Dungeon
 11501 | D:10     | Found a staircase to the Lair.
 11516 | D:10     | Reached ***** piety under Dithmenos
 11886 | D:10     | Noticed an ogre mage
 11886 | D:10     | Noticed a two-headed ogre
 11886 | D:10     | Noticed a two-headed ogre
 11886 | D:10     | Noticed a two-headed ogre
 11886 | D:10     | Noticed a two-headed ogre
 11889 | D:10     | Noticed a two-headed ogre
 11900 | D:10     | Killed a two-headed ogre
 11901 | D:10     | Reached skill level 4 in Stealth
 11901 | D:10     | Reached XP level 11. HP: 90/90 MP: 11/11
 11903 | D:10     | Killed a two-headed ogre
 11912 | D:10     | Killed a two-headed ogre
 11913 | D:10     | Reached skill level 10 in Fighting
 11917 | D:10     | Killed a two-headed ogre
 11919 | D:10     | Paralysed by an ogre mage for 4 turns
 12230 | D:10     | Found Kelyqibb's Antique Armour Emporium.
 12589 | D:10     | Found a stormy altar of Qazlal.
 12731 | D:10     | Bought a pair of embroidered boots for 187 gold pieces
 12731 | D:10     | Bought an encrusted leather armour for 175 gold pieces
 12731 | D:10     | Identified the +1 leather armour of the Other World {rN+
                  | Str+4 Dex+2 Stlth-} (You bought it in a shop on level 10 of
                  | the Dungeon)
 12832 | D:10     | Killed a two-headed ogre
 12833 | D:10     | Reached skill level 5 in Stealth
 12833 | D:10     | Reached skill level 1 in Invocations
 12850 | D:10     | Killed an ogre mage
 13786 | D:11     | Noticed a six-headed hydra
 13798 | D:11     | Killed a six-headed hydra
 13799 | D:11     | Reached skill level 6 in Stealth
 14171 | D:11     | Identified the +10 battleaxe of Instinct {drain, *Corrode
                  | rElec rPois rN+++}
 14643 | D:11     | Noticed a boulder beetle
 14656 | D:11     | Killed a boulder beetle
 15052 | D:12     | Noticed a two-headed ogre
 15053 | D:12     | Noticed a boulder beetle
 15067 | D:12     | Killed a two-headed ogre
 15068 | D:12     | Gained mutation: You have a pair of antennae on your head.
                  | [demonic ancestry]
 15068 | D:12     | Reached XP level 12. HP: 53/99 MP: 15/15
 15092 | D:12     | Reached skill level 7 in Stealth
 15408 | D:12     | Killed a boulder beetle
 15597 | D:12     | Noticed an eight-headed hydra
 15602 | D:12     | Killed an eight-headed hydra
 15650 | D:12     | Reached skill level 5 in Invocations
 15726 | D:12     | Found a bloodstained altar of Trog.
 15726 | D:12     | Noticed mn3067's ghost (journeyman DjCj)
 15741 | D:12     | Found a transporter.
 15748 | D:12     | Found a transporter.
 16633 | D:13     | Reached skill level 8 in Stealth
 16942 | D:13     | Noticed a centaur warrior
 16947 | D:13     | Killed a centaur warrior
 17062 | D:13     | Noticed a vault guard
 17062 | D:13     | Noticed a two-headed ogre
 17062 | D:13     | Noticed a vault guard
 17062 | D:13     | Noticed a six-headed hydra
 17062 | D:13     | Noticed an eight-headed hydra
 17062 | D:13     | Noticed a vault guard
 17092 | D:12     | Killed a vault guard
 17152 | Lair:1   | Entered Level 1 of the Lair of Beasts
 17379 | Lair:1   | Reached ****** piety under Dithmenos
 17867 | Lair:2   | Noticed Erica
 17870 | Lair:2   | Killed Erica
 17871 | Lair:2   | Reached skill level 9 in Stealth
 17909 | Lair:2   | Identified the +0 leather armour of the Snail {Str+6 Dex+3
                  | Stlth-}
 17920 | Lair:2   | Identified the +7 dagger of Ash {freeze, rElec rC+ Str+3}
 17925 | Lair:2   | Noticed Amaemon
 17971 | Lair:2   | Killed Amaemon
 18061 | Lair:2   | Noticed Gastronok
 18067 | Lair:2   | Noticed a seven-headed hydra
 18098 | Lair:2   | Killed a three-headed hydra
 18099 | Lair:2   | Gained mutation: You have a sharp stinger which inflicts
                  | weakening toxins. [demonic ancestry]
 18099 | Lair:2   | Reached XP level 13. HP: 75/106 MP: 18/18
 18185 | Lair:2   | Killed Gastronok
 18250 | Lair:2   | Reached skill level 15 in Long Blades
 18299 | Lair:2   | Found a hole to the Spider Nest.
 18686 | Lair:3   | Reached skill level 10 in Stealth
 19139 | Lair:3   | You fall into a shaft and drop 1 floor!
 19437 | Lair:3   | Found a staircase to the Swamp.
 20208 | Lair:4   | Reached skill level 11 in Stealth
 21073 | Lair:6   | Entered Level 6 of the Lair of Beasts
 21104 | Lair:6   | Gained mutation: Your touch may irresistibly damage your
                  | foes and sap their willpower. [demonic ancestry]
 21104 | Lair:6   | Reached XP level 14. HP: 69/116 MP: 20/20
 21147 | Lair:5   | Learned a level 3 spell: Confusing Touch
 21359 | Lair:6   | Reached skill level 1 in Hexes
 21385 | Lair:6   | Reached skill level 1 in Spellcasting
 21391 | Lair:6   | Reached skill level 1 in Translocations
 21559 | Lair:6   | Noticed Snorg
 21580 | Lair:6   | Killed Snorg
 21743 | Lair:6   | Reached skill level 10 in Invocations
 21864 | Lair:6   | Reached skill level 5 in Dodging
 22084 | Lair:6   | Reached skill level 12 in Stealth
 22232 | Lair:6   | Found a viscous altar of Jiyva.
 22232 | Lair:6   | Found a staircase to the Slime Pits.
 22792 | Orc:1    | Entered Level 1 of the Orcish Mines
 23122 | Orc:2    | Entered Level 2 of the Orcish Mines
 23184 | Orc:2    | Noticed Urug
 23186 | Orc:2    | Killed Urug
 23397 | Orc:2    | Learned a level 3 spell: Portal Projectile
 23401 | Orc:2    | Learned a level 3 spell: Tukima's Dance
 23572 | Orc:2    | Found a staircase to the Elven Halls.
 23700 | Orc:2    | Noticed an orc warlord
 24134 | Orc:2    | Killed an orc warlord
 24336 | Orc:2    | Reached XP level 15. HP: 122/122 MP: 23/23
 24374 | Orc:2    | Found Uraf's Antique Armour Emporium.
 24375 | Orc:2    | Found Riema's Antique Weapon Shoppe.
 24420 | Orc:2    | Found Ygistry's General Store.
 24421 | Orc:2    | Found Wuples's Book Emporium.
 24727 | Orc:2    | Bought an encrusted short sword for 168 gold pieces
 24727 | Orc:2    | Identified the +7 short sword "Wuel" {vorpal, rPois} (You
                  | bought it in a shop on level 2 of the Orcish Mines)
 25040 | D:12     | Reached skill level 5 in Hexes
 25124 | D:13     | Found a gate to the Vaults.
 25981 | D:14     | Learned a level 1 spell: Slow
 26083 | D:14     | Noticed Kirke
 26088 | D:14     | Killed Kirke
 26357 | D:15     | Entered Level 15 of the Dungeon
 26374 | D:15     | Found a frozen archway.
 26416 | IceCv    | Entered an ice cave
 26755 | IceCv    | Reached skill level 13 in Stealth
 26979 | IceCv    | Noticed a frost giant
 26979 | IceCv    | Noticed a frost giant
 26990 | IceCv    | HP: 2/124 [frost giant/bolt of cold (15)]
 27016 | IceCv    | Killed a frost giant
 27220 | IceCv    | Killed a frost giant
 27221 | IceCv    | Reached skill level 5 in Spellcasting
 27484 | IceCv    | Identified the +6 ice dragon scales of Spite {Rampage Fly
                  | rF- rC++ rCorr Int-3}
 27553 | IceCv    | Gained mutation: A demonic guardian rushes to your aid.
                  | [demonic ancestry]
 27553 | IceCv    | Reached XP level 16. HP: 92/116 MP: 25/25
 27830 | D:15     | Reached skill level 5 in Translocations
 29166 | D:15     | Found a staircase to the Depths.
 29175 | Depths:1 | Entered Level 1 of the Depths
 29176 | Depths:1 | Found a gateway to Hell.
 29195 | Depths:1 | Reached skill level 14 in Stealth
 29656 | Elf:1    | Entered Level 1 of the Elven Halls
 29910 | Elf:1    | Noticed Agnes
 29912 | Elf:1    | Killed Agnes
 31221 | Elf:2    | Found a runed translucent gate.
 31221 | Elf:2    | Found a runed translucent gate.
 31221 | Elf:2    | Found a runed translucent gate.
 31299 | Elf:2    | Reached skill level 15 in Stealth
 31299 | Elf:2    | Gained mutation: You have a pair of large antennae on your
                  | head. (SInv) [demonic ancestry]
 31299 | Elf:2    | Reached XP level 17. HP: 130/140 MP: 21/26
 31449 | Abyss:2  | Cast into level 2 of the Abyss (+1 hand axe of distortion)
 31860 | Abyss:2  | Reached skill level 5 in Throwing
 32249 | Abyss:2  | Noticed a lich
 32368 | Abyss:2  | Noticed a dread lich
 32519 | Elf:2    | Escaped the Abyss
 32571 | Elf:2    | HP: 7/140 [fire elemental[a deep elf pyromancer] (12)]
 33306 | Elf:2    | Upgraded the game from 0.29-a0-810-g3812dd5c9c to
                  | 0.29-a0-816-g82769f0e0c
 33314 | Elf:3    | Entered Level 3 of the Elven Halls
 33733 | Elf:3    | Noticed Asterion
 33739 | Elf:3    | Killed Asterion
 33851 | Elf:3    | Found Kuez's Magic Scroll Shop.
 33881 | Elf:3    | Reached skill level 16 in Stealth
 33940 | Elf:3    | Bought a scroll of blinking for 157 gold pieces
 34258 | Abyss:3  | Cast into level 3 of the Abyss (a deep elf sorcerer)
 34278 | Abyss:3  | Noticed a bone dragon
 34313 | Abyss:3  | Found an ancient bone altar of Kikubaaqudgha.
 34378 | Abyss:3  | Noticed a profane servitor
 34464 | Abyss:3  | Gained mutation: You are partially covered in iridescent
                  | scales. (AC +2) [a neqoxec]
 34488 | Abyss:3  | Reached skill level 15 in Fighting
 34876 | Abyss:3  | Gained mutation: Your body sometimes deteriorates upon
                  | taking damage. [a neqoxec]
 35033 | Elf:3    | Escaped the Abyss
 35316 | Elf:3    | Lost mutation: You are partially covered in iridescent
                  | scales. (AC +2) [potion of mutation]
 35316 | Elf:3    | Lost mutation: Your body sometimes deteriorates upon taking
                  | damage. [potion of mutation]
 35316 | Elf:3    | Gained mutation: Your muscles are strong. (Str +4, Int/Dex
                  | -1) [potion of mutation]
 35316 | Elf:3    | Gained mutation: You are covered in fur. (AC +1) [potion of
                  | mutation]
 35376 | Elf:3    | Reached XP level 18. HP: 140/147 MP: 27/27
 35482 | Elf:3    | Reached skill level 10 in Dodging
 35507 | Abyss:3  | Found a snail-covered altar of Cheibriados.
 35507 | Abyss:3  | Cast into level 3 of the Abyss (a deep elf demonologist)
 35739 | Abyss:3  | Reached skill level 17 in Stealth
 35770 | Abyss:3  | Got an abyssal rune of Zot
 36139 | Elf:3    | Escaped the Abyss
 36158 | Elf:3    | HP: 2/124 [deep elf elementalist/+1 battleaxe of flaming
                  | (7)]
 36158 | Elf:3    | Slain by a deep elf elementalist

Illustrated notes

Levels and vault maps discovered:
D:1:      tarquinn_simple_flora_water_e, layout_loops_ring,
          minmay_misc_feat_five
D:2:      layout_basic
D:3:      layout_rooms, kennysheep_generic_room_2
D:4:      layout_cave_pods, temple_green
D:5:      layout_loops_ring, uniq_blork_the_orc, uniq_crazy_yiuf_cottage,
          uniq_menkaure
D:6:      layout_gridville, nicolae_overflow_crystal_walls, xom_confusion_cloud,
          nicolae_elyvilon_peaceful_grove, jmf_multi_god_temple,
          sigmund_edmund_badplayer
D:7:      layout_basic, nicolae_wu_jian_wuxing_cycle, hex_tiny, nzn_random_ring
D:8:      layout_basic, mainiacjoe_overflow_alcove_1
D:9:      layout_basic, david_orc_4
D:10:     layout_loops_ring, grunt_qazlal_sundering,
          due_lair_maze_entry_diamond, serial_shops, nicolae_diamond_shop
D:11:     nicolae_cairo_tiling_very_big, layout_loops_corners
D:12:     layout_loops_cross, gammafunk_ghost_wrathful_warriors
D:13:     layout_rooms, lightli_vaults_fourway_checkpoint,
          kennysheep_minor_cross
D:14:     layout_roguey, uniq_kirke
D:15:     gammafunk_enter_depths_forms, layout_irregular_city,
          portal_ice_cave_entry_ice_simulacra, grunt_decor_cap
Temple:   nicolae_temple_ecumenical_triangle
Lair:1:   layout_hall_layers
Lair:2:   layout_cave_shapes, spider_nest_entry_webs, grunt_megastairs_3,
          serial_bayou_shore_a, uniq_erica, uniq_gastronok, uniq_amaemon
Lair:3:   layout_concentric_octagons, skrybe_swamp_entry_bodies, basic_altar
Lair:4:   layout_small_grid, grunt_megastairs_5
Lair:5:   layout_loops_ring
Lair:6:   evilmike_catoblepas_cave, layout_loops_ring,
          minmay_slime_entry_jelly_boxes, grunt_megastairs_4, uniq_snorg
Orc:1:    layout_caves, serial_shops, shop
Orc:2:    st_orc_congregation, layout_caves, nicolae_orc_rich_vein, uniq_urug
Elf:1:    elf_arrival_002, layout_gridlike, kennysheep_underground_church,
          serial_sigils_hangedman_scratch, nicolae_elf_blasts_and_bolts,
          uniq_agnes
Elf:2:    elven_hall_of_blades_hangedman_original [nooodl_blade_entry_preview],
          layout_loops_cross
Elf:3:    minmay_elf_hall_curves, layout_onion_city, serial_shops, shop_scrolls,
          uniq_asterion
Depths:1: layout_roguey, hellmonk_ghost_happy_afterlife, hell_entry,
          nemelex_spade_bored_becter, hangedman_abyss_or_decor_slice,
          minivault_16, grunt_decor_fettered, serial_bayou_pond_a,
          hangedman_abyss_or_decor_clamps, nooodl_orcs_dogs, uniq_enchantress

Skill      XL: |  1  2  3  4  5  6  7  8  9 10 11 12 13 14 15 16 17 18 |
---------------+-------------------------------------------------------+-----
Long Blades    | 3 4 5 6 7 9 11 12 13 14 15 16 | 16.1
Fighting       | 3 4 5 7 8 9 10 11 12 13 14 15 | 15.5
Stealth        | 4 6 9 11 12 13 15 16 17 | 17.1
Invocations    | 4 6 9 11 12 | 12.0
Dodging        | 4 5 7 8 9 10 | 10.0
Hexes          | 4 7 |  7.0
Spellcasting   | 3 5 |  5.0
Translocations | 3 4 5 |  5.0
Throwing       | 4 6 7 |  7.4

Action                   |  1- 3 |  4- 6 |  7- 9 | 10-12 | 13-15 | 16-18 || total
-------------------------+-------+-------+-------+-------+-------+-------++-------
Melee: Long sword        |    75 |   112 |   192 |    98 |       |       ||   477
       Touch             |     8 |    17 |    34 |    97 |   213 |   252 ||   621
       Tailslap          |     1 |    11 |    20 |    80 |   211 |   258 ||   581
       Punch             |       |     1 |     5 |     9 |    16 |    18 ||    49
       Scimitar          |       |       |       |   316 |   534 |   114 ||   964
       Dagger            |       |       |       |    54 |   420 |   154 ||   628
       Quick blade       |       |       |       |       |       |   803 ||   803
Throw: Dart              |     4 |     6 |     5 |    27 |     4 |     3 ||    49
       Throwing net      |     1 |     5 |     1 |     2 |       |       ||     9
       Javelin           |       |       |     6 |     4 |     8 |     6 ||    24
 Cast: Confusing Touch   |       |       |       |       |     4 |     5 ||     9
       Tukima's Dance    |       |       |       |       |     1 |     1 ||     2
       Slow              |       |       |       |       |       |     1 ||     1
Invok: Shadow Step       |       |       |       |       |     1 |    11 ||    12
       Shadow Form       |       |       |       |       |     2 |     2 ||     4
 Abil: End Transformatio |       |       |       |       |     1 |       ||     1
Evoke: Wand              |       |       |       |       |       |     2 ||     2
  Use: Scroll            |       |     6 |     4 |     9 |     9 |    24 ||    52
       Potion            |       |       |     2 |    11 |    12 |    11 ||    36
 Stab: Sleeping          |     1 |     2 |     3 |    26 |    67 |    72 ||   171
       Held in net/web   |       |     2 |       |     3 |       |       ||     5
       Confused          |       |       |     1 |       |     3 |    10 ||    14
       Distracted        |       |       |     1 |     3 |    12 |    35 ||    51
       Petrifying        |       |       |       |       |     1 |     2 ||     3
       Petrified         |       |       |       |       |     1 |       ||     1
       Invisible         |       |       |       |       |     5 |     6 ||    11
       Paralysed         |       |       |       |       |       |     1 ||     1
Armor: Chain mail        |    31 |       |       |       |       |       ||    31
       Leather armour    |    19 |    38 |    50 |   116 |    83 |    58 ||   364
       Skin              |     2 |       |       |       |       |       ||     2
       Ring mail         |       |       |       |       |    17 |       ||    17
       Troll leather arm |       |       |       |       |    91 |       ||    91
Dodge: Dodged            |    40 |    54 |   124 |   277 |   678 |   366 ||  1539
Block: Buckler           |       |       |       |       |       |    12 ||    12

Table legend: (Time is in decaauts)
 A = Elapsed time spent in this place.
 B = Non-inter-level travel time spent in this place.
 C = Inter-level travel time spent in this place.
 D = Time resting spent in this place.
 E = Time spent auto-exploring this place.
 F = Levels seen in this place.
 G = Mean time per level.
                   A        B        C        D        E       F      G
               +--------+--------+--------+--------+--------+-----+--------+
         Total |  34959 |  33133 |   1826 |   6376 |  16610 |  33 | 1059.4 |
       Dungeon |  20415 |  19121 |   1294 |   4211 |  11405 |  15 | 1361.0 |
        Temple |     47 |     43 |      4 |      0 |     11 |   1 |   47.0 |
          Lair |   5385 |   5096 |    289 |    262 |   3726 |   6 |  897.5 |
  Orcish Mines |   2048 |   1836 |    212 |    212 |    796 |   2 | 1024.0 |
   Elven Halls |   3724 |   3698 |     26 |    829 |    499 |   3 | 1241.3 |
        Depths |     19 |     19 |      0 |      0 |      0 |   1 |   19.0 |
         Abyss |   2094 |   2094 |      0 |    393 |      8 |   4 |  523.5 |
      Ice Cave |   1224 |   1224 |      0 |    467 |    165 |   1 | 1224.0 |
               +--------+--------+--------+--------+--------+-----+--------+

Top non-repeatable levels by time:
    D:10: 2142 daAuts
     D:9: 1912 daAuts
    D:12: 1808 daAuts
     D:6: 1779 daAuts
    D:11: 1751 daAuts
     D:7: 1739 daAuts
   Orc:2: 1703 daAuts
    D:15: 1644 daAuts
  Lair:6: 1429 daAuts
     D:8: 1398 daAuts
   Elf:2: 1357 daAuts
     D:2: 1315 daAuts
   Elf:3: 1301 daAuts
   IceCv: 1224 daAuts
 Abyss:3: 1130 daAuts
